 Dungeon Crawl Stone Soup version 0.27-a0-1101-ge311f74bc8 (webtiles) character file.

Game seed: 13730047916092069092

71 siradein the Slasher (level 4, -3/33 HPs)
             Began as a Vampire Gladiator on Apr 28, 2021.
             Slain by Sigmund
             ... wielding a +0 scythe of freezing
              (7 damage)
             ... on level 2 of the Dungeon.
             The game lasted 00:04:30 (1320 turns).

siradein the Slasher (Vampire Gladiator)            Turns: 1320, Time: 00:04:31

Health: -3/33      AC:  9    Str: 14    XL:     4   Next: 5%
Magic:  4/4        EV:  7    Int: 10    God:
Gold:   49         SH:  0    Dex: 15    Spells: 3/3 levels left

rFire    . . .     SeeInvis +   a - +0 long sword
rCold    . . .     Faith    .   (no shield)
rNeg     + . .     Spirit   .   e - +0 chain mail
rPois    .         Reflect  .   c - +0 helmet
rElec    .         Harm     .   (no cloak)
rCorr    .         Rampage  .   (no gloves)
Will     .....                  (no boots)
Stlth    ..........             (no amulet)
HPRegen  0.31/turn              h - ring of positive energy
MPRegen  0.09/turn              (no ring)

@: healing quickly
A: alive, fangs 3, see invisible, unbreathing 1, vampiric 2
a: Exsanguinate


You were on level 2 of the Dungeon.
You visited 1 branch of the dungeon, and saw 2 of its levels.

You collected 49 gold pieces.

Inventory:

Hand Weapons
 a - a +0 long sword (weapon)
Missiles
 d - 3 throwing nets (quivered)
Armour
 c - a +0 helmet (worn)
 e - a +0 chain mail (worn)
Jewellery
 b - a ring of ice
 h - a ring of positive energy (left hand)
Wands
 n - a wand of flame (22)
Scrolls
 g - a scroll of fear {unknown}
 l - a scroll of identify {unknown}
Potions
 f - 2 potions of curing {unknown}
 i - a potion of lignification {unknown}
 j - a potion of degeneration {unknown}
 k - a potion of heal wounds {unknown}
 m - a potion of flight {unknown}


   Skills:
 - Level 1.7 Fighting
 + Level 5.0 Long Blades
 - Level 1.5 Throwing
 - Level 3.2 Dodging


You had 3 spell levels left.
You didn't know any spells.
Your spell library was empty.

Dungeon Overview and Level Annotations

Branches:
Dungeon (2/15)

Altars:

Shops:
D:1 ?

Annotations:
D:2 Sigmund


Innate Abilities, Weirdness & Mutations

Your natural rate of healing is accelerated.
You have razor-sharp teeth.
You have supernaturally acute eyesight. (SInv)
You can survive without breathing.
You are afflicted with vampirism and can become a bat while bloodless.


Message History

Sigmund completely misses you.
You riposte.
You hit Sigmund.
Sigmund is lightly wounded.
You hit Sigmund.
Sigmund is lightly wounded.
Sigmund hits you with a +0 scythe of freezing.
Sigmund freezes you.
You barely miss Sigmund.
Sigmund is lightly wounded.
Sigmund hits you with a +0 scythe of freezing!
Sigmund freezes you.
* * * LOW HITPOINT WARNING * * *
You slash Sigmund!
Sigmund is moderately wounded.
Sigmund completely misses you.
You barely miss Sigmund.
Sigmund is moderately wounded.
Sigmund gestures at you while chanting.
The magic dart hits you but does no damage.
You hit Sigmund but do no damage.
Sigmund is moderately wounded.
Sigmund hits you but does no damage. Sigmund completely misses you.
You riposte.
You hit Sigmund but do no damage.
Sigmund is moderately wounded.
You barely miss Sigmund.
Sigmund is moderately wounded.
Sigmund points at you and mumbles some strange words.
The puff of flame hits you but does no damage.
Your chain mail prevents you from hitting Sigmund.
Sigmund is moderately wounded.
Sigmund gestures at you while chanting. The magic dart hits you!
* * * LOW HITPOINT WARNING * * *
You closely miss Sigmund.
Sigmund is moderately wounded.
Sigmund hits you but does no damage.
You closely miss Sigmund.
Sigmund is moderately wounded.
Sigmund whispers, "You'll know eternity soon."
Sigmund hits you with a +0 scythe of freezing!
You die...

######## #......#
########......#
..............##.
.########@.....#..
.........@........
.###.#.###.....##.
#. #.....#
#.###.....#
#.........#
#######.....##.
..#............ ##
#.#.###........


You could see Sigmund (invisible).

Vanquished Creatures
  2 adders
  A gnoll (D:1)
  7 bats
  6 endoplasms
  A giant cockroach (D:2)
  2 hobgoblins (D:1)
  A quokka (D:1)
  4 ball pythons (D:1)
  3 frilled lizards
  8 kobolds
  5 rats (D:1)
40 creatures vanquished.

Notes
Turn   | Place    | Note
-------+----------+-------------------------------------------
     0 | D:1      | siradein the Vampire Gladiator began the quest for the Orb.
     0 | D:1      | Reached XP level 1. HP: 16/16 MP: 1/1
   168 | D:1      | Reached XP level 2. HP: 18/22 MP: 2/2
   372 | D:1      | Reached skill level 4 in Long Blades
   429 | D:1      | Found Souxodie's Magic Scroll Shop.
   603 | D:1      | Gained mutation: You are afflicted with vampirism and can
                  | become a bat while bloodless. [Vampire growth]
   603 | D:1      | Reached XP level 3. HP: 21/27 MP: 3/3
  1199 | D:1      | Reached XP level 4. HP: 31/33 MP: 4/4
  1260 | D:2      | Reached skill level 5 in Long Blades
  1298 | D:2      | Noticed Sigmund
  1320 | D:2      | Slain by Sigmund

Illustrated notes

Levels and vault maps discovered:
D:1:      saegor_arrival_simple_e, layout_loops_ring, serial_shops, shop
D:2:      layout_rooms, minmay_misc_feat_cross, grunt_decor_arrowhead,
          minmay_misc_feat_doors, minmay_small_reverse_x, uniq_sigmund

Skill      XL: |  1  2  3  4 |
---------------+-------------+-----
Long Blades    | 4 5 |  5.0
Fighting       | |  1.7
Throwing       | |  1.5
Dodging        | |  3.2

Action                   |  1- 3 |  4- 6 || total
-------------------------+-------+-------++-------
Melee: Long sword        |   103 |    13 ||   116
       Bite              |    14 |       ||    14
Armor: Chain mail        |   101 |     7 ||   108
       Leather armour    |     2 |       ||     2
Dodge: Dodged            |    49 |     6 ||    55
       Rpst.: Long sword |    14 |     3 ||    17

Table legend: (Time is in decaauts)
 A = Elapsed time spent in this place.
 B = Non-inter-level travel time spent in this place.
 C = Inter-level travel time spent in this place.
 D = Time resting spent in this place.
 E = Time spent auto-exploring this place.
 F = Levels seen in this place.
 G = Mean time per level.
                   A        B        C        D        E       F      G
               +--------+--------+--------+--------+--------+-----+--------+
         Total |   1346 |   1324 |     22 |    132 |    742 |   2 |  673.0 |
       Dungeon |   1346 |   1324 |     22 |    132 |    742 |   2 |  673.0 |
               +--------+--------+--------+--------+--------+-----+--------+

Top non-repeatable levels by time:
     D:1: 1003 daAuts
     D:2: 343 daAuts
